 Dungeon Crawl Stone Soup version 0.28.0-53-g5a82cb258f (webtiles) character file.

Game seed: 3610764698061883314

229 Gabide the Insei (level 6, -3/48 HPs)
             Began as a Human Monk on July 4, 2022.
             Splashed by a jelly's acid (4 damage)
             ... on level 4 of the Dungeon.
             The game lasted 00:06:06 (3290 turns).

Gabide the Insei (Human Monk)                       Turns: 3290, Time: 00:06:07

Health: -3/48      AC: -4    Str: 17    XL:     6   Next: 23%
Magic:  6/6        EV: 13    Int: 11    God:
Gold:   70         SH:  0    Dex: 17    Spells: 5/5 levels left

rFire   . . .      SeeInvis .     - Unarmed
rCold   . . .      Faith    .   (no shield)
rNeg    . . .      Spirit   .   g - +1 leather armour of Masochism {Will+}
rPois   .          Reflect  .   (no helmet)
rElec   .          Harm     .   (no cloak)
rCorr   .          Rampage  .   (no gloves)
Will    +....                   (no boots)
Stlth   ++........              (no amulet)
HPRegen 0.16/turn               c - +6 ring of strength
MPRegen 0.10/turn               (no ring)

@: corroded
A: no striking features
a: no special abilities


You were on level 4 of the Dungeon.
You visited 1 branch of the dungeon, and saw 4 of its levels.

You collected 130 gold pieces.
You spent 60 gold pieces at shops.

Inventory:

Missiles
 j - 6 poisoned darts (quivered)
Armour
 g - the +1 leather armour of Masochism (worn) {Will+}
   (You found it on level 2 of the Dungeon)

   Will:      It increases your willpower.
Jewellery
 b - a ring of ice
 c - a +6 ring of strength (left hand)
Scrolls
 a - a scroll of summoning {unknown}
 d - 2 scrolls of identify {unknown}
 e - a scroll of teleportation
 l - a scroll of amnesia {unknown}
Potions
 f - a potion of might {unknown}
 h - a potion of curing
 i - a potion of degeneration {unknown}


   Skills:
 + Level 4.1 Fighting
 + Level 4.1 Dodging
 - Level 2.0 Stealth
 * Level 5.0 Unarmed Combat


You had 5 spell levels left.
You didn't know any spells.
Your spell library contained the following spells:

 Spells                   Type           Power      Damage    Failure   Level
 Tukima's Dance           Hex            0%         N/A       78%         3
 Anguish                  Hex/Necr       0%         N/A       99%         4
 Enfeeble                 Hex            0%         N/A       100%        7


Dungeon Overview and Level Annotations

Branches:
Dungeon (4/15)
 Temple: D:4-7

Altars:
Fedhas
Ru

Shops:
D:2 !   D:4 (*

Annotations:
D:4 1 transporter


Message History

You are too injured to fight recklessly!
You are too injured to fight recklessly!
You are too injured to fight recklessly!
You are too injured to fight recklessly!
You are too injured to fight recklessly!
You are too injured to fight recklessly!
You are too injured to fight recklessly!
You are too injured to fight recklessly!
You are too injured to fight recklessly!
You are too injured to fight recklessly!
You are too injured to fight recklessly!
You are too injured to fight recklessly!
You are too injured to fight recklessly!
You are too injured to fight recklessly!
You are too injured to fight recklessly!
You are too injured to fight recklessly!
You are too injured to fight recklessly!
You are too injured to fight recklessly!
You are too injured to fight recklessly!
You are too injured to fight recklessly!
You are too injured to fight recklessly!
You hit the jelly but do no damage.
Your hands burn!
The jelly is severely wounded.
The jelly closely misses you.
You hit the jelly.
Your hands burn!
The jelly is almost dead.
The jelly barely misses you.
You hit the jelly but do no damage.
Your hands burn!
* * * LOW HITPOINT WARNING * * *
The jelly is almost dead.
The jelly hits you.
* * * LOW HITPOINT WARNING * * *
You are splashed with acid!
* * * LOW HITPOINT WARNING * * *
It was a potion of curing.
You feel better. The jelly hits you.
* * * LOW HITPOINT WARNING * * *
You are splashed with acid!
* * * LOW HITPOINT WARNING * * *
You hit the jelly.
Your hands burn!
You die...

##.##.##...####...
#.#..##....###...
.....#..∩........
.....##.###..#..
........# .....
#.....#.###..#..
#...........##∩.
.......!.....#
.........@...##..
.........J.......
..........##.....
......###.# .....
#.>... #..# ....
#..... #...# #.
...... #...# ..$
#.... #.....


You could see a jelly.

Vanquished Creatures
  Menkaure (D:4)
  5 adders
  2 worms (D:2)
  A dart slug (D:2)
  6 orcs (D:3)
  3 endoplasms
  A giant cockroach (D:2)
  4 goblins
  5 hobgoblins
  3 quokkas (D:1)
  3 ball pythons (D:2)
  2 bats
  5 frilled lizards
  8 kobolds
  4 rats (D:1)
53 creatures vanquished.

Notes
Turn   | Place    | Note
-------+----------+-------------------------------------------
     0 | D:1      | Gabide the Human Monk began the quest for the Orb.
     0 | D:1      | Reached XP level 1. HP: 18/18 MP: 1/1
   151 | D:1      | Reached XP level 2. HP: 24/24 MP: 2/2
   723 | D:1      | Reached XP level 3. HP: 26/29 MP: 3/3
  1050 | D:2      | Identified the +1 leather armour of Masochism {Will+}
  1226 | D:2      | Found a sacrificial altar of Ru.
  1237 | D:2      | Reached XP level 4. HP: 34/35 MP: 4/4
  1532 | D:2      | Found Gariseti's Distillery.
  1541 | D:2      | Bought a potion of heal wounds for 60 gold pieces
  1683 | D:3      | Reached skill level 4 in Unarmed Combat
  1763 | D:3      | Found a blossoming altar of Fedhas.
  2588 | D:3      | Reached XP level 5. HP: 20/40 MP: 5/5
  3071 | D:4      | Noticed Menkaure
  3078 | D:4      | Killed Menkaure
  3079 | D:4      | Reached skill level 5 in Unarmed Combat
  3079 | D:4      | Reached XP level 6. HP: 20/48 MP: 6/6
  3254 | D:4      | Found a transporter.
  3254 | D:4      | Noticed a water moccasin
  3261 | D:4      | Found Ebunu's Weapon Shop.
  3264 | D:4      | Found Matufoic's General Store.
  3288 | D:4      | HP: 1/48 [acid (11)]
  3290 | D:4      | Splashed by a jelly's acid

Illustrated notes

Levels and vault maps discovered:
D:1:      zaba_arrival_water, layout_basic
D:2:      layout_rooms, serial_rivers, chequers_serial_rivers_marsh,
          chequers_serial_rivers_small_a, chequers_serial_rivers_marsh,
          chequers_serial_rivers_room_a, chequers_serial_rivers_micro_b,
          serial_shops, shop_fountains, basic_altar,
          nicolae_figureground_sparkle
D:3:      layout_loops_ring, fedhas_altar_2, minmay_misc_feat_ornament,
          kennysheep_generic_room_4
D:4:      kennysheep_kobold_camp, layout_cave_pools, portal_sewer_entry_e,
          serial_shops, shop, shop, gammafunk_ghost_arena, uniq_menkaure

Skill      XL: |  1  2  3  4  5 |
---------------+----------------+-----
Unarmed Combat | 4 5 |  5.0
Fighting       | 4 |  4.1
Dodging        | 4 |  4.1
Stealth        | |  2.0

Action                   |  1- 3 |  4- 6 || total
-------------------------+-------+-------++-------
Melee: Unarmed           |    87 |   113 ||   200
       Punch             |     2 |     2 ||     4
  Use: Scroll            |       |     1 ||     1
       Potion            |       |     2 ||     2
 Stab: Sleeping          |     4 |     1 ||     5
Armor: Robe              |     9 |       ||     9
       Leather armour    |     6 |    23 ||    29
Dodge: Dodged            |    44 |    60 ||   104
